AoeStats
← 453685919

Runestones

507934249Analyzed
1v1 RM · 12d ago on Sep 20, 2026· 42m 43s· 2 players
Game mode
Random Map
Map size
Tiny (2 player)
Population
200
Speed
Normal
Resources
Standard
Victory
Conquest
Starting age
Dark Age
Ending age
Imperial Age
RankedLock teamsTeams togetherTeam positionsShared explorationLock speedFull tech treeHidden civsTurbo modeCheats
Victory
Defeat
🇨🇳 Franks · China
677
+17
🇷🇴 Vikings · Romania
689
-17
453685919
10:09 Feudal Age
13:17 Double-Bit Axe
16:07 Castle Age
15:56 Gold Mining
27:15 Wheelbarrow
26:37 Stone Mining
27:18 Husbandry
28:36 Scale Barding Armor
29:48 Chain Barding Armor
31:13 Squires
31:27 Forging
31:18 Scale Mail Armor
31:09 Fletching
31:54 Town Watch
32:25 Hand Cart
33:18 Bow Saw
33:51 Gold Shaft Mining
36:33 Imperial Age
33:49 Loom
34:51 Town Patrol
35:31 Iron Casting
35:10 Crossbowman
36:46 Cavalier
38:05 Plate Barding Armor
39:14 Blast Furnace
38:14 Bodkin Arrow
39:09 Chain Mail Armor
38:55 Paladin
42:05 Conscription
42:30 Plate Mail Armor
lenasboss
7:43 Loom
15:42 Feudal Age
16:55 Double-Bit Axe
16:53 Horse Collar
16:44 Man-at-Arms
17:41 Gold Mining
18:38 Scale Mail Armor
18:29 Arson
18:51 Town Watch
19:20 Forging
20:13 Fletching
25:39 Stone Mining
30:50 Castle Age
31:11 Long Swordsman
32:10 Chain Mail Armor
32:07 Squires
32:55 Bow Saw
32:51 Heavy Plow
32:55 Town Patrol
34:17 Gambesons
34:48 Bodkin Arrow
35:51 Gold Shaft Mining
37:47 Pikeman
37:51 Elite Skirmisher
43:39 Imperial Age
42:20 Guard Tower
42:28 Murder Holes
43:15 Ballistics
Connection lost

Rejoining the realm…

Still unreachable

The connection could not be restored.

Session expired

The server has moved on; the page needs a fresh start.